AoeStats
← kenneth3011

Arabia

510219345Analyzed
1v1 RM · 1d ago on Sep 30, 2026· 24m 58s· 2 players
Game mode
Random Map
Map size
Tiny (2 player)
Population
200
Speed
Normal
Resources
Standard
Victory
Conquest
Starting age
Dark Age
Ending age
Imperial Age
RankedLock teamsTeams togetherTeam positionsShared explorationLock speedFull tech treeHidden civsTurbo modeCheats
Victory
Defeat
🇨🇴 Teutons · Colombia
1373
+16
🇨🇴 Khitans · Colombia
1366
-16
LRNI_Ghost-Jhon
7:12 Loom
10:12 Feudal Age
17:16 Forging
22:03 Fletching
kenneth3011
6:24 Loom
9:23 Feudal Age
11:15 Double-Bit Axe
14:21 Fletching
16:10 Horse Collar
21:23 Wheelbarrow
24:53 Castle Age
Connection lost

Rejoining the realm…

Still unreachable

The connection could not be restored.

Session expired

The server has moved on; the page needs a fresh start.